 Dungeon Crawl Stone Soup version 0.25-a0-566-g062765be81 (webtiles) character file.

Game seed: 12848896448270128243, levelgen mode: deterministic

4813 Flugslaktarn the Cleaver (level 10, -4/90 HPs)
             Began as a Minotaur Fighter on Feb 27, 2020.
             Was an Initiate of Gozag.
             Slain by a warg (11 damage)
             ... on level 9 of the Dungeon.
             The game lasted 00:04:00 (6713 turns).

Flugslaktarn the Cleaver (Minotaur Fighter)         Turns: 6713, Time: 00:04:01

Health: -4/90      AC: 19    Str: 24    XL:     10   Next: 24%
Magic:  9/9        EV:  4    Int:  5    God:    Gozag
Gold:   513        SH: 17    Dex: 10    Spells: 9/9 levels left

rFire    + . .     SeeInvis .   a - +1 war axe
rCold    . . .     Gourm    .   B - +0 tower shield
rNeg     . . .     Faith    .   o - +0 plate armour
rPois    .         Spirit   .   l - +1 hat
rElec    .         Reflect  .   v - +2 cloak {+Inv}
rCorr    .         Harm     .   (no gloves)
MR       .....                  g - +0 pair of boots
Stlth    ..........             (no amulet)
HPRegen  0.25/turn              f - ring of protection from fire
MPRegen  0.11/turn              E - ring of attention (curse)

@: lethally poisoned (-4 -> -4)
A: retaliatory headbutt, horns 2
a: Potion Petition, Call Merchant, Bribe Branch, Renounce Religion, Evoke
Invisibility


You were on level 9 of the Dungeon.
You worshipped Gozag.
Gozag was pleased with you.
You were not hungry.

You visited 2 branches of the dungeon, and saw 10 of its levels.

You collected 653 gold pieces.
You paid 140 gold pieces to Gozag.

Inventory:

Hand Weapons
 a - a +1 war axe (weapon)
Missiles
 y - a throwing net (quivered)
Armour
 c - a +0 kite shield
 g - a +0 pair of boots (worn)
   (You found it on level 1 of the Dungeon)
 l - a +1 hat (worn)
   (You found it on level 4 of the Dungeon)
 o - a +0 plate armour (worn)
   (You took it off an orc warrior on level 7 of the Dungeon)
 v - a +2 cloak of invisibility (worn)
   (You took it off Crazy Yiuf on level 4 of the Dungeon)
 B - a +0 tower shield (worn)
   (You found it on level 8 of the Dungeon)
Jewellery
 f - a ring of protection from fire (left hand)
   (You found it on level 3 of the Dungeon)
 i - an uncursed ring of see invisible
   (You found it on level 2 of the Dungeon)
 k - an uncursed ring of resist corrosion
   (You found it on level 7 of the Dungeon)
 r - an uncursed ring of fire {unknown}
   (You found it on level 8 of the Dungeon)
 C - an uncursed ring of protection from fire
   (You found it on level 5 of the Dungeon)
 E - a cursed ring of attention (right hand)
   (You found it on level 6 of the Dungeon)
Wands
 h - a wand of enslavement (5)
   (You found it on level 4 of the Dungeon)
 u - a wand of acid (7)
   (You took it off Maurice on level 8 of the Dungeon)
 F - a wand of iceblast (12)
   (You found it on level 6 of the Dungeon)
Scrolls
 b - a scroll of fear
 q - a scroll of enchant armour
 t - 4 scrolls of teleportation
 x - a scroll of fog
 z - a scroll of blinking
Potions
 d - 4 potions of might
 j - a potion of lignification {unknown}
 m - a potion of invisibility
 n - 2 potions of resistance
 p - a potion of stabbing
 s - a potion of flight
 w - a potion of heal wounds
 A - a potion of curing {unknown}
 D - 2 potions of ambrosia
Comestibles
 e - 12 rations


   Skills:
 + Level 8.9 Fighting
 * Level 11.4 Axes
 + Level 8.8 Armour
 + Level 8.9 Shields
 + Level 1.0 Evocations


You had 9 spell levels left.
You didn't know any spells.
Your spell library was empty.

Dungeon Overview and Level Annotations

Branches:
Dungeon (9/15)             Temple (1/1) D:7
   Lair: D:8-11         Orc: D:9-12

Altars:
Cheibriados
Dithmenos
Elyvilon
Fedhas
Gozag
Hepliaklqana
Kikubaaqudgha
Nemelex Xobeh
Okawaru
Qazlal
Ru
Sif Muna
Trog
Wu Jian
Xom
Yredelemnul
Zin
The Shining One

Shops:
D:4 ?


Innate Abilities, Weirdness & Mutations

You reflexively headbutt those who attack you in melee.
You have a pair of horns on your head.


Message History

The warg bites you but does no damage. The warg barely misses you.
You furiously retaliate!
You headbutt the warg. The hornet barely misses you.
The warg bites you but does no damage. You block the warg's attack.
The warg becomes distracted by the nearby gold, dreaming of imaginary riches.
You block the hornet's attack.
The warg howls!
The killer bee buzzes angrily.
You fail to use your ability.
You feel sick.
You hear a shout!
The warg is no longer distracted by gold.
The warg bites you. You block the hornet's attack. You block the warg's attack.
You fail to use your ability.
You block the hornet's attack. You block the warg's attack. The warg bites you!
* * * LOW HITPOINT WARNING * * *
The hornet barely misses you.
The orc priest invokes the aid of Beogh against you.
Beogh smites you!
* * * LOW HITPOINT WARNING * * *
The warg bites you!
You die...
Your body crumbles into a pile of gold.

#...### #..........
...#..####.........
#...##....#...###. #
#..##.####..(..### ..
.....## #...#....# ...
....#.##....##...###....
........................
...#.......#.##.........
..........#####h@.....#
$ $
....)........#yhy###..#
.............hoo#.# .#
.#..#....##.o#{###.. #
....... #.#.oo .##
..#..... # ..#.....#.
...#.....##. .. .......
.#


You could see a hornet, 3 wargs, an orc warrior, a killer bee, 2 orc priests and
an orc.

Vanquished Creatures
  Maurice (D:8)
  Maggie (D:6)
  Prince Ribbit (D:6)
  Eustachio (D:4)
  A wyvern (D:8)
  Sigmund (D:6)
  Menkaure (D:5)
  Edmund (D:6)
  An orc warrior (D:7)
  3 ice beasts
  2 phantoms (D:5)
  2 ogres (D:4)
  5 centaurs
  A big kobold (D:7)
  A bullfrog (D:8)
  A scorpion (D:6)
  14 killer bees
  8 wights
  A howler monkey (D:8)
  2 crimson imps
  A quasit (D:5)
  2 jellies
  6 orc wizards
  A centaur skeleton (D:4)
  5 orc priests
  Crazy Yiuf (D:4)
  A bullfrog skeleton (D:4)
  3 hounds
  Natasha (twice) (D:4)
  7 worker ants
  A hound skeleton (D:4)
  8 gnolls
  6 adders
  2 shadow imps (D:5)
  2 oozes
  An adder zombie (D:7)
  An adder skeleton (D:4)
  2 worms
  A leopard gecko (D:3)
  19 orcs
  5 bats
  8 giant cockroaches
  6 goblins
  6 hobgoblins
  6 jackals
  A quokka (D:7)
  2 ball pythons
  A frilled lizard (D:4)
  8 kobolds
  A leopard gecko zombie (D:5)
  7 rats
172 creatures vanquished.

Notes
Turn   | Place    | Note
-------+----------+-------------------------------------------
     0 | D:1      | Flugslaktarn the Minotaur Fighter began the quest for the
                  | Orb.
     0 | D:1      | Reached XP level 1. HP: 19/19 MP: 0/0
   162 | D:1      | Reached XP level 2. HP: 27/27 MP: 1/1
   242 | D:1      | Reached skill level 3 in Axes
   570 | D:2      | Reached XP level 3. HP: 29/33 MP: 2/2
  1058 | D:3      | Reached XP level 4. HP: 40/40 MP: 3/3
  1066 | D:4      | Noticed an ogre
  1070 | D:4      | Killed an ogre
  1070 | D:4      | Reached skill level 4 in Axes
  1070 | D:4      | Reached XP level 5. HP: 16/47 MP: 4/4
  1288 | D:4      | Noticed Natasha
  1291 | D:4      | Killed Natasha
  1321 | D:4      | Reached skill level 5 in Axes
  1403 | D:4      | Found a runed translucent door.
  1404 | D:4      | Noticed Crazy Yiuf
  1599 | D:4      | Noticed Natasha
  1605 | D:4      | Killed Natasha
  1605 | D:4      | Reached XP level 6. HP: 55/55 MP: 5/5
  1606 | D:4      | Found Unubi's Magic Scroll Boutique.
  1608 | D:4      | Noticed Eustachio
  1635 | D:4      | Killed Eustachio
  1635 | D:4      | Reached skill level 5 in Fighting
  1635 | D:4      | Reached skill level 5 in Armour
  1635 | D:4      | Reached skill level 5 in Shields
  1815 | D:4      | Found an iron altar of Okawaru.
  1820 | D:4      | Reached skill level 6 in Axes
  1820 | D:4      | Reached XP level 7. HP: 31/61 MP: 6/6
  2126 | D:4      | Paralysed by Crazy Yiuf for 5 turns
  2135 | D:4      | Killed Crazy Yiuf
  2382 | D:5      | Entered Level 5 of the Dungeon
  2394 | D:5      | Noticed Menkaure
  2402 | D:5      | Killed Menkaure
  2426 | D:5      | Reached skill level 7 in Axes
  2661 | D:5      | Found a white marble altar of Elyvilon.
  2785 | D:5      | Reached XP level 8. HP: 57/70 MP: 7/7
  2861 | D:5      | You fall into a shaft and drop 1 floor!
  2861 | D:6      | Noticed Sigmund
  2871 | D:6      | Killed Sigmund
  2871 | D:6      | Reached skill level 8 in Axes
  3477 | D:6      | Reached skill level 9 in Axes
  3724 | D:6      | Noticed Edmund
  3731 | D:6      | Killed Edmund
  3731 | D:6      | Reached XP level 9. HP: 74/79 MP: 8/8
  3758 | D:6      | Noticed Prince Ribbit
  3764 | D:6      | Killed Prince Ribbit
  3857 | D:6      | Found a bloodstained altar of Trog.
  3857 | D:6      | Found a blossoming altar of Fedhas.
  3911 | D:6      | Found a blossoming altar of Fedhas.
  3937 | D:6      | Noticed Maggie
  3953 | D:6      | Killed Maggie
  4159 | D:6      | Found an ancient bone altar of Kikubaaqudgha.
  4159 | D:6      | Found a shimmering altar of Xom.
  4160 | D:6      | Found a glowing golden altar of the Shining One.
  4680 | D:7      | Reached skill level 10 in Axes
  5200 | D:7      | Found a sparkling altar of Nemelex Xobeh.
  5232 | D:7      | Noticed a skeletal warrior
  5237 | D:7      | Noticed a skeletal warrior
  5248 | D:7      | Noticed a skeletal warrior
  5250 | D:7      | Noticed a skeletal warrior
  5456 | D:7      | Found a staircase to the Ecumenical Temple.
  5465 | Temple   | Entered the Ecumenical Temple
  5549 | Temple   | Became a worshipper of Gozag Ym Sagoz the Greedy
  5942 | D:8      | Noticed Maurice
  5950 | D:8      | Killed Maurice
  5950 | D:8      | Reached skill level 11 in Axes
  5950 | D:8      | Reached XP level 10. HP: 84/90 MP: 9/9
  6701 | D:9      | Reached skill level 1 in Evocations
  6713 | D:9      | Slain by a warg

Levels and vault maps discovered:
D:1:      kilobyte_arrival_exit_the_forest, layout_loops_ring, minmay_distorted
D:2:      layout_basic, overflow_temple_1_default
D:3:      layout_loops_ring, lemuel_round_altar
D:4:      layout_rooms, okawaru_altar_gauntlet_db, serial_shops, shop,
          first_ration, uniq_crazy_yiuf_cottage, uniq_natasha, uniq_eustachio
D:5:      layout_cave_pools, elyvilon_altar_3, uniq_menkaure
D:6:      layout_layer_cave, gammafunk_temple_overflow_claw,
          nicolae_overflow_hidden_temple, fedhas_altar_2, uniq_sigmund,
          uniq_maggie, uniq_prince_ribbit1, uniq_edmund
D:7:      nicolae_whirlpool, layout_basic, old_standard_altar, temple_hall
D:8:      layout_rooms, uniq_maurice
D:9:      layout_layer_cave, grunt_temple_overflow_lords_of_destruction,
          erik_lair_orcish_takeover
Temple:   eino_temple_lava

Skill      XL: |  1  2  3  4  5  6  7  8  9 10 |
---------------+-------------------------------+-----
Axes           | 3 4 5 6 7 9 11 | 11.4
Fighting       | 4 5 6 7 8 |  8.9
Armour         | 4 5 6 7 8 |  8.8
Shields        | 4 5 6 7 8 |  8.9
Evocations     | 1 |  1.0

Action                   |  1- 3 |  4- 6 |  7- 9 | 10-12 || total
-------------------------+-------+-------+-------+-------++-------
Melee: War axe           |    90 |    71 |   329 |    52 ||   542
       Headbutt          |    13 |    17 |    63 |     4 ||    97
  Use: Scroll            |       |       |    15 |       ||    15
       Potion            |       |       |     1 |       ||     1
  Eat: Chunk             |     1 |     2 |     8 |       ||    11
       Ration            |       |       |     2 |     1 ||     3
Armor: Scale mail        |    37 |    32 |   156 |       ||   225
       Plate armour      |       |       |    16 |    57 ||    73
Dodge: Dodged            |    25 |    33 |   110 |    29 ||   197
Block: Kite shield       |    43 |    51 |   191 |    22 ||   307
       Tower shield      |       |       |       |    68 ||    68

Table legend:
 A = Non-vault XP
 B = Vault XP
 C = Vault XP percentage of total XP
 D = Non-vault monster count
 E = Vault monster count
 F = Vault count percentage of total count
                 A         B        C        D         E       F
            +---------+---------+-------+---------+---------+-------
      Total |    4776 |    2101 |  30.6 |     155 |      17 |   9.9
            +---------+---------+-------+---------+---------+-------
        D:1 |      33 |       0 |   0.0 |      18 |       0 |   0.0
        D:2 |      24 |       0 |   0.0 |       9 |       0 |   0.0
        D:3 |      44 |       0 |   0.0 |      15 |       0 |   0.0
        D:4 |     464 |     307 |  39.8 |      14 |       9 |  39.1
        D:5 |     952 |     172 |  15.3 |      26 |       1 |   3.7
        D:6 |     633 |    1018 |  61.7 |      17 |       4 |  19.0
        D:7 |     951 |     112 |  10.5 |      24 |       1 |   4.0
        D:8 |    1096 |     449 |  29.1 |      19 |       1 |   5.0
        D:9 |     579 |      43 |   6.9 |      13 |       1 |   7.1
            +---------+---------+-------+---------+---------+-------
